 Dungeon Crawl Stone Soup version 0.28.0 (webtiles) character file.

Game seed: 17904896976368616707

234 Minsecho the Chiller (level 6, 0/42 HPs)
             Began as a Merfolk Ice Elementalist on Feb 5, 2022.
             Succumbed to a scorpion's poison
             ... on level 4 of the Dungeon.
             The game lasted 00:05:02 (3407 turns).

Minsecho the Chiller (Merfolk Ice Elementalist)     Turns: 3407, Time: 00:05:02

Health: 0/42       AC:  4    Str: 11    XL:     6   Next: 5%
Magic:  5/11       EV: 13    Int: 14    God:
Gold:   156        SH:  0    Dex: 14    Spells: 4/12 levels left

rFire   . . .      SeeInvis .   b - +0 short sword
rCold   . . .      Faith    .   (no shield)
rNeg    . . .      Spirit   .   a - +0 robe
rPois   .          Reflect  .   d - +0 helmet
rElec   .          Harm     .   (no cloak)
rCorr   .          Rampage  .   c - +0 pair of gloves
Will    .....                   (no boots)
Stlth   ++........              (no amulet)
HPRegen 0.14/turn               (no ring)
MPRegen 0.12/turn               (no ring)

@: lethally poisoned (0 -> -5), attractive, flying, hasted, very quick
A: (nimble swimmer 2), mertail
a: no special abilities


You were on level 4 of the Dungeon.
You visited 1 branch of the dungeon, and saw 4 of its levels.

You collected 156 gold pieces.

Inventory:

Hand Weapons
 b - a +0 short sword (weapon)
Missiles
 i - a throwing net
Armour
 a - a +0 robe (worn)
 c - a +0 pair of gloves (worn)
 d - a +0 helmet (worn)
Scrolls
 f - a scroll of enchant weapon {unknown}
 g - a scroll of torment {unknown}
 h - 2 scrolls of identify {unknown}
 n - a scroll of blinking {unknown}
 o - a scroll of teleportation {unknown}
Potions
 j - a potion of haste
 k - a potion of heal wounds {unknown}
 m - a potion of degeneration {unknown}


   Skills:
 + Level 0.8 Fighting
 + Level 3.9 Dodging
 - Level 2.2 Stealth
 + Level 3.5 Spellcasting
 + Level 6.2 Ice Magic


You had 4 spell levels left.
You knew the following spells:

 Your Spells              Type           Power      Damage    Failure   Level
a - Freeze                Ice            80%        1d9       1%          1
b - Frozen Ramparts       Ice            40%        1d6       4%          3
c - Ozocubu's Armour      Ice            20%        N/A       4%          3
d - Summon Small Mammal   Summ           8%         N/A       21%         1

Your spell library contained the following spells:

 Spells                   Type           Power      Damage    Failure   Level
 Animate Skeleton         Necr           4%         N/A       21%         1
 Apportation              Tloc           4%         N/A       21%         1
 Corpse Rot               Necr/Air       4%         N/A       30%         2
 Poisonous Vapours        Pois/Air       4%         N/A       30%         2
 Hailstorm                Conj/Ice       11%        3d5       50%         4
 Stone Arrow              Conj/Erth      4%         3d7       52%         3
 Animate Armour           Summ/Erth      4%         N/A       90%         4
 Lehudib's Crystal Spear  Conj/Erth      1%         10d2      100%        8


Dungeon Overview and Level Annotations

Branches:
Dungeon (4/15)
 Temple: D:4-7

Altars:
Kikubaaqudgha

Shops:
D:3 :

Annotations:
D:3 1 runed translucent door, Lemondrips's ghost, amateur HOCA


Innate Abilities, Weirdness & Mutations

((You are very nimble when in or above water. (Stealth+, EV+, Speed+++)))
Your lower body shifts to a powerful aquatic tail in water.


Message History

The scorpion is severely wounded.
The scorpion misses you.
The howler monkey skeleton closely misses you.
You hit the scorpion but do no damage.
The scorpion is severely wounded.
The scorpion misses you.
The howler monkey skeleton barely misses you.
You closely miss the scorpion.
The scorpion is severely wounded.
The scorpion stings you.
* * * LOW HITPOINT WARNING * * *
You are lethally poisoned!
The scorpion poisons you!
The howler monkey skeleton closely misses you.
The scorpion closely misses you.
Casting: Freeze (safe; 1% risk of failure)
Confirm with . or Enter, or press ? or * to list all spells.
Aiming: Freeze (safe; 1% risk of failure)
Press: ? - help, Shift-Dir - straight line, f/p - scorpion
Aim: a scorpion (severely wounded)
You freeze the scorpion.
You kill the scorpion!
* * * LOW HITPOINT WARNING * * *
You feel very sick. The howler monkey skeleton hits you.
* * * LOW HITPOINT WARNING * * *
You have reached level 6!
It was a potion of haste.
You feel yourself speed up.
* * * LOW HITPOINT WARNING * * *
You feel sick.
The howler monkey skeleton hits you but does no damage.
It was a potion of flight.
You feel very buoyant.
You fly up into the air.
* * * LOW HITPOINT WARNING * * *
You feel sick. The howler monkey skeleton hits you.
* * * LOW HITPOINT WARNING * * *
It was a potion of attraction.
You feel attractive to monsters.
You die...

##.........#... ..
#..........#... #..
##..........#(.. #..#
#.(...........# #..#
#..........†.## #..#
#...........<#
#...###...........##
..##..Z.............#
.......@........[...#
....................#
......###...........#
...... ##.........##
..... ........# .....
>.####. #### ... >.


You could see a howler monkey skeleton.

Vanquished Creatures
  A scorpion (D:4)
  A hound (D:3)
  An iguana (D:4)
  4 gnolls (D:3)
  2 adders (D:3)
  A worm (D:2)
  5 orcs (D:3)
  4 endoplasms
  A giant cockroach (D:3)
  6 goblins
  3 hobgoblins
  6 jackals (D:3)
  A quokka (D:1)
  2 ball pythons
  7 bats
  3 frilled lizards
  4 kobolds
  4 rats
56 creatures vanquished.

Vanquished Creatures (others)
  10 plants (D:3)
10 creatures vanquished.

Grand Total: 66 creatures vanquished

Notes
Turn   | Place    | Note
-------+----------+-------------------------------------------
     0 | D:1      | Minsecho the Merfolk Ice Elementalist began the quest for
                  | the Orb.
     0 | D:1      | Reached XP level 1. HP: 13/13 MP: 3/3
   429 | D:1      | Reached XP level 2. HP: 11/19 MP: 5/5
  1104 | D:2      | Reached skill level 5 in Ice Magic
  1263 | D:2      | Reached XP level 3. HP: 15/24 MP: 6/6
  1377 | D:2      | Learned a level 3 spell: Frozen Ramparts
  1686 | D:2      | Found a faded altar of an unknown god.
  2066 | D:3      | Found Toehi's Book Emporium.
  2082 | D:3      | Reached XP level 4. HP: 26/30 MP: 0/7
  2382 | D:3      | Learned a level 3 spell: Ozocubu's Armour
  2602 | D:3      | Reached XP level 5. HP: 31/36 MP: 3/9
  2645 | D:3      | Learned a level 1 spell: Summon Small Mammal
  2698 | D:3      | Found a runed translucent door.
  2702 | D:3      | Noticed Lemondrips's ghost (amateur HOCA)
  2944 | D:3      | Found an ancient bone altar of Kikubaaqudgha.
  3342 | D:4      | Reached skill level 6 in Ice Magic
  3405 | D:4      | Reached XP level 6. HP: 5/42 MP: 5/11
  3406 | D:4      | HP: 1/42 [howler monkey skeleton (2)]
  3407 | D:4      | Succumbed to a scorpion's poison

Illustrated notes

Levels and vault maps discovered:
D:1:      dpeg_arrival_ternary, layout_basic, supply_closet_lemuel,
          minmay_unequal
D:2:      layout_loops_ring, ebering_ecumenical_altar_petrified
D:3:      layout_basic, kiku_gazebo_pond_becter, ebering_ghost_sewer_d,
          serial_shops, nicolae_shop_waterfront, nicolae_grassy_gnolls
D:4:      layout_cave_pods

Skill      XL: |  1  2  3  4  5 |
---------------+----------------+-----
Ice Magic      | 5 6 |  6.2
Dodging        | 3 |  3.9
Spellcasting   | 3 |  3.5
Fighting       | |  0.8
Stealth        | |  2.2

Action                   |  1- 3 |  4- 6 || total
-------------------------+-------+-------++-------
Melee: Short sword       |    49 |    38 ||    87
       Punch             |     1 |       ||     1
 Cast: Freeze            |    22 |    26 ||    48
       Frozen Ramparts   |     1 |     1 ||     2
  Use: Potion            |       |     4 ||     4
 Stab: Sleeping          |     3 |       ||     3
Armor: Robe              |    10 |    17 ||    27
       Skin              |       |     6 ||     6
Dodge: Dodged            |    47 |    39 ||    86
